Unix NetHack Version 5.0.0-0 post-release - last build May  4 2026 22:22:43 (774f63e81ad911689b3a0859ea89b322d5daca8d,branch:main).

Game began 2026-05-10 00:58:44, ended 2026-05-10 01:29:56.

Kwijibo4686, neutral female human Valkyrie

                                                       ----
                                                      `..)d|
                                                      --o-.|
                                                       oo|.|
                                                      --.|.----
                                                       |.|....|
                                                       |.#....|
                                                       |.|....--  ----
                                                       |.|.....----..---
                                                       -.|.............-- ----
                                                        .|.....---......| |..|
                                                       -.|.....||....|..---.--
                                                       |.|.....|--..---.....|
                                                       |.|.....- |..|---...--
                                                       |.|...... -----....--
                                                       |.|.......   |.....|
                                                       -.|.|....-   --.<..|
                                                        .|.|....-    |....|
                                                       ---.|---..    ---..|
                                                          .    ..      |..|
                                                               ---     ----
Kwijibo4686 the Fighter     St:18 Dx:14 Co:16 In:9 Wi:8 Ch:10  Neutral
Dlvl:6  $:166 HP:0(58) Pw:15(15) AC:1  Xp:7 T:5001 

Latest messages:
 The orc-captain swings his scimitar.
 The orc-captain hits!
 The orc-captain swings his scimitar.
 The orc-captain hits again!
 You miss the orc-captain.
 You miss the orc-captain.
 You hit the orc-captain!
 The orc-captain swings his scimitar.
 The orc-captain hits!
 The orc-captain swings his scimitar.
 The orc-captain hits again!
 You miss the orc-captain.
 You hit the orc-captain!
 The orc-captain swings his scimitar.
 The orc-captain hits!
 The orc-captain swings his scimitar.
 The orc-captain misses!
 You kill the orc-captain!
 The orc-captain picks up a scimitar.
 You miss the orc-captain.
 The orc-captain wields a scimitar!
 You miss the orc-captain.
 You hit the orc-captain!
 Rukaiza of Unuul wields a scimitar!
 The orc-captain swings his scimitar.
 The orc-captain hits!
 The orc-captain swings his scimitar.
 The orc-captain misses!
 Your dog steps reluctantly onto 2 knives.
 The dog bites it.
 It swings its scimitar at the dog.
 It misses the dog.
 It swings its scimitar at the dog.
 It misses the dog.
 The dog bites it.
 The dog bites it.
 It swings its scimitar at the dog.
 It misses the dog.
 It swings its scimitar at the dog.
 It hits the dog.
 Your dog steps reluctantly onto 2 knives.
 Your dog steps reluctantly onto 2 knives.
 Your dog steps reluctantly onto 2 knives.
 Your dog steps reluctantly onto 2 knives.
 The orc-captain swings his scimitar.
 The orc-captain hits!
 The orc-captain swings his scimitar.
 The orc-captain hits again!
 You die...
 Do you want your possessions identified? [ynq] (y) q

Inventory:
 Coins    ('$')
  $ - 166 gold pieces
 Weapons  (')')
  b - a +0 dagger (alternate weapon; not wielded)
  a - a blessed +1 spear
  R - a cursed -1 dwarvish mattock (weapon in hands)
 Armor    ('[')
  m - an uncursed +0 dwarvish iron helm (being worn)
  S - an uncursed +1 pair of iron shoes (being worn)
  c - an uncursed +3 small shield
  T - a blessed +1 dwarvish cloak (being worn)
  h - an uncursed +0 ring mail (being worn)
 Comestibles  ('%')
  g - an uncursed slime mold
  G - an uncursed cream pie
  d - 3 uncursed food rations
  u - an uncursed tripe ration
  M - an uncursed lizard corpse
 Scrolls  ('?')
  r - an uncursed scroll of confuse monster
  F - a cursed scroll of enchant weapon
  B - 3 uncursed scrolls of identify
  v - an uncursed scroll of light
  K - an uncursed scroll of magic mapping
 Potions  ('!')
  P - an uncursed potion of extra healing
  f - an uncursed potion of gain ability
  L - an uncursed potion of hallucination
  i - an uncursed potion of oil
  j - a cursed potion of restore ability
  p - a blessed potion of see invisible
 Rings    ('=')
  I - an uncursed +0 ring of adornment
  k - an uncursed ring of poison resistance
 Wands    ('/')
  l - a wand of light (0:11)
  n - a wand of striking (0:0)
 Tools    ('(')
  O - an uncursed oilskin sack containing 1 item
  N - an uncursed blindfold
  s - an uncursed brass lantern
  o - an uncursed oil lamp
  t - an uncursed tallow candle
 Gems/Stones  ('*')
  A - an uncursed flint stone

Contents of the oilskin sack:
  an uncursed worthless piece of white glass

Kwijibo4686 the Valkyrie's attributes:

Background:
 You were a Fighter, a level 7 human Valkyrie.
 You were neutral, nominally on a mission for Odin
 who was opposed by Tyr (lawful) and Loki (chaotic).
 You were right-handed.
 You were in the Gnomish Mines, on level 6.
 You entered the dungeon 5001 turns ago.
 It was nighttime.
 You had 816 experience points, 464 more were needed to attain level 8.

Basics:
 You had 0 out of 58 hit points.
 You had all 15 energy points (spell power).
 Your armor class was 1.
 Your wallet contained 166 zorkmids.
 Autopickup was on for '$?!/="' plus thrown.

Final Characteristics:
 Your strength was 18 (limit:18/100).
 Your dexterity was 14 (limit:18).
 Your constitution was 16 (limit:18).
 Your intelligence was 9 (limit:18).
 Your wisdom was 8 (limit:18).
 Your charisma was 10 (limit:18).

Final Status:
 You weren't hungry.
 You were unencumbered.
 You were wielding a mattock.
 You were unskilled in pick-axe.

Final Attributes:
 You were piously aligned.
 Your items were somewhat protected from fire.
 You were cold resistant.
 Your items were somewhat protected from cold.
 You were invisible.
 You were stealthy.
 You were warded.
 You were fast.
 You are dead.

Miscellaneous:
 You didn't encounter any bones levels.
 Total elapsed playing time was 31 minutes and 11 seconds.

Major events:
 Turn
    1: Kwijibo4686 the neutral human Valkyrie entered the dungeon
  656: entered the Gnomish Mines
  676: attained the rank of Skirmisher (level 3)
 1521: reached Mine Town
 2615: attained the rank of Fighter (level 6)
 5001: killed by an orc-captain

You didn't know any spells.

Skills:
 Fighting Skills
   bare handed combat [Unskilled]
   two weapon combat  [Unskilled]
   riding             [Unskilled]
 Weapon Skills
   dagger             [Basic]
   axe                [Unskilled]
   pick-axe           [Unskilled]
   short sword        [Unskilled]
   broadsword         [Unskilled]
   long sword         [Unskilled]
   two-handed sword   [Unskilled]
   saber              [Unskilled]
   hammer             [Unskilled]
   quarterstaff       [Unskilled]
   polearms           [Unskilled]
   spear              [Skilled]
   trident            [Unskilled]
   lance              [Unskilled]
   sling              [Unskilled]
 Spellcasting Skills
   attack spells      [Unskilled]
   escape spells      [Unskilled]

Voluntary challenges:
 Character rerolling was not enabled.
 You were an atheist.
 You never genocided any monsters.
 You never polymorphed an object.
 You never changed form.
 You used no wishes.
Achievements:
 You entered a shop.
 You entered the Gnomish Mines.
 You attained the rank of Skirmisher.
 You entered Minetown.
 You attained the rank of Fighter.

 The Dungeons of Doom: levels 1 to 9
    Level 1:
       Some fountains.
    Level 2:
       A potion shop, a grave.
    Level 3:
       A general store, a fountain.
       Stairs down to The Gnomish Mines.
    Level 4:
       A general store.
    Level 5: "v"
       A fountain.
    Level 6:
       A fountain.
    Level 7:
    Level 8:
       A fountain.
    Level 9:
       A fountain.
 The Gnomish Mines: levels 4 to 6
    Level 4:
    Level 5:
    Level 6: <- You were here.
       Final resting place for
          you, killed by an orc-captain.


Vanquished creatures:
  a quivering blob
 an orc-captain
  a gnome ruler
 an ogre
  a lizard
  a dingo
  a dog
  a dwarf leader
  a blue jelly
  a raven
  a bugbear
  a mountain nymph
  a Mordor orc
 an Uruk-hai
  3 rock moles
  a shrieker
  a violet fungus
  5 gnome leaders
  2 gnomish wizards
  a gray ooze
  2 straw golems
  3 giant ants
  3 floating eyes
  5 dwarves
  a hill orc
  a rothe
  a giant bat
  a werejackal
  3 iguanas
  a gas spore
  a hobbit
  a giant rat
  a brown mold
  a yellow mold
 16 gnomes
  2 garter snakes
  2 geckos
  4 jackals
  a kobold
  a goblin
  8 grid bugs
  4 lichens
  4 newts
94 creatures vanquished.

No species were genocided or became extinct.

Game over:
                       ----------
                      /          \
                     /    REST    \
                    /      IN      \
                   /     PEACE      \
                  /                  \
                  |   Kwijibo4686    |
                  |      166 Au      |
                  |   killed by an   |
                  |   orc-captain    |
                  |                  |
                  |                  |
                  |       2026       |
                 *|     *  *  *      | *
        _________)/\\_//(\/(/\)/\//\/|_)_______

Farvel Kwijibo4686 the Valkyrie...

You died in The Gnomish Mines on dungeon level 6 with 3824 points,
and 166 pieces of gold, after 5001 moves.
You were level 7 with a maximum of 58 hit points when you died.

